AoeStats
← CNZS_DongHaiDi

Nomad

503594949Analyzed
4v4 RM · 1mo ago on Sep 1, 2026· 76m 54s· 8 players
Game mode
Random Map
Map size
231×231
Population
200
Speed
Normal
Resources
Standard
Victory
Conquest
Starting age
Dark Age
Ending age
Imperial Age
RankedLock teamsTeams togetherTeam positionsShared explorationLock speedFull tech treeHidden civsTurbo modeCheats
Victory
Defeat
🇨🇳 Vietnamese · China
2017
+7
🇨🇳 Malay · China
1953
+9
🇨🇳 Spanish · China
1952
+9
🇮🇳 Burmese · India
1840
+14
🇻🇳 Hindustanis · Vietnam
1964
-17
🇪🇸 Mongols · Spain
1808
-10
🇹🇼 Turks · Taiwan
1738
-8
🇨🇳 Japanese · China
1690
-6
AutoClickerv3
5:19 Loom
13:44 Feudal Age
14:44 Double-Bit Axe
15:02 Stone Mining
17:38 Castle Age
16:50 Fletching
17:15 Gold Mining
19:41 Padded Archer Armor
19:53 Bow Saw
20:09 Bodkin Arrow
23:58 Ballistics
32:59 Wheelbarrow
33:09 Leather Archer Armor
35:05 Thumb Ring
34:24 Elite Skirmisher
45:40 Town Watch
48:11 Hand Cart
49:57 Horse Collar
62:22 Imperial Age
60:29 Medium Warships
64:52 Bracer
66:19 Heavy Warships
69:30 Chemistry
72:27 Caravan
74:41 Careening
DDDDD
14:31 Feudal Age
18:10 Castle Age
16:01 Double-Bit Axe
16:42 Forging
17:09 Bloodlines
18:22 Scale Barding Armor
19:06 Medium Warships
18:59 Husbandry
21:21 Fishing Lines
21:37 Loom
22:28 Wheelbarrow
25:09 Horse Collar
29:25 Chain Barding Armor
31:52 Iron Casting
32:50 Heavy Plow
38:35 Hand Cart
39:52 Town Watch
40:48 Fletching
40:59 Padded Archer Armor
42:09 Bodkin Arrow
42:58 Gold Mining
44:48 Sipahi
45:00 Ballistics
44:21 Treadmill Crane
47:56 Bow Saw
48:02 Leather Archer Armor
59:46 Imperial Age
58:52 Treadmill Crane
60:02 Thumb Ring
60:41 Bracer
63:47 Conscription
70:22 Plate Barding Armor
72:03 Blast Furnace
LeHoang
11:17 Loom
13:18 Feudal Age
13:55 Town Watch
20:07 Castle Age
18:07 Double-Bit Axe
21:02 Demolition Ship
22:27 Bow Saw
22:43 Fishing Lines
24:09 Medium Warships
25:15 Gold Mining
27:50 Gillnets
29:27 Wheelbarrow
29:55 Horse Collar
30:51 Gold Shaft Mining
34:24 Imperial Age
33:12 Gold Shaft Mining
32:47 Grand Trunk Road
33:41 Heavy Plow
33:32 Stone Mining
34:15 Scale Barding Armor
34:34 Bloodlines
34:24 Husbandry
35:19 Hand Cart
35:28 Chain Barding Armor
34:32 Heavy Camel Rider
36:44 Plate Barding Armor
36:19 Forging
37:01 Imperial Camel Rider
39:22 Iron Casting
40:52 Devotion
42:01 Two-Man Saw
41:28 Fletching
42:57 Blast Furnace
42:55 Coinage
44:18 Chemistry
45:33 Conscription
45:37 Scale Mail Armor
46:06 Elite Ghulam
48:20 Hand Cart
49:24 Squires
49:10 Arson
51:09 Chain Mail Armor
53:31 Banking
54:26 Light Cavalry
56:55 Stone Shaft Mining
56:27 Hussar
60:20 Hoardings
65:38 Fletching
SAVIOR
5:06 Loom
13:16 Feudal Age
18:26 Castle Age
19:48 Fletching
20:43 Fishing Lines
23:25 Medium Warships
23:27 Double-Bit Axe
23:24 Horse Collar
24:19 Scale Mail Armor
28:48 Chain Mail Armor
30:23 Forging
34:57 Bodkin Arrow
36:30 Iron Casting
44:18 Wheelbarrow
46:32 Gillnets
53:10 Pikeman
55:52 Bow Saw
55:38 Guard Tower
56:08 Ballistics
55:51 Yasama
56:38 Squires
56:23 Arson
56:35 Elite Skirmisher
57:21 Thumb Ring
57:18 Padded Archer Armor
57:06 Gambesons
61:47 Imperial Age
59:25 Treadmill Crane
59:56 Masonry
63:31 Chemistry
63:08 Keep
62:50 Leather Archer Armor
64:09 Hand Cart
66:04 Chemistry
64:40 Capped Ram
65:02 Halberdier
65:47 Bracer
69:15 Plate Mail Armor
71:12 Chemistry
呜呜呜急死了
13:47 Feudal Age
14:15 Loom
16:48 Castle Age
14:54 Double-Bit Axe
16:41 Fletching
17:06 Fishing Lines
17:18 Crossbowman
21:28 Ballistics
22:36 Wheelbarrow
22:00 Bodkin Arrow
23:18 Bow Saw
24:18 Horse Collar
26:01 Wheelbarrow
27:58 Hand Cart
30:33 Imperial Age
28:40 Hand Cart
28:26 Heavy Plow
28:27 Stone Mining
28:28 Gold Mining
29:50 Stone Shaft Mining
33:40 Bracer
37:17 Chemistry
37:34 Gold Shaft Mining
37:58 Town Watch
38:21 Arbalester
39:22 Padded Archer Armor
40:15 Conscription
40:16 Pikeman
40:57 Squires
41:09 Forging
41:25 Halberdier
44:11 Iron Casting
45:03 Arson
46:19 Blast Furnace
45:34 Leather Archer Armor
46:35 Elite Karambit Warrior
50:08 Guilds
50:28 Coinage
50:47 Thumb Ring
50:03 Elite Skirmisher
51:14 Ring Archer Armor
52:46 Banking
52:33 Caravan
53:46 Masonry
53:17 Treadmill Crane
53:38 Murder Holes
55:03 Guard Tower
55:21 Siege Engineers
55:39 Scale Barding Armor
58:44 Thalassocracy
62:06 Man-at-Arms
62:49 Forced Levy
66:08 Long Swordsman
68:38 Two-Handed Swordsman
CNZS_Dadaya
15:15 Feudal Age
14:20 Loom
15:58 Double-Bit Axe
18:41 Castle Age
18:03 Fishing Lines
18:39 Stone Mining
20:00 Bow Saw
19:43 Gillnets
27:53 Imperial Age
25:16 Gold Mining
32:59 Stone Shaft Mining
33:08 Wheelbarrow
34:18 Fletching
36:55 Horse Collar
39:30 Demolition Ship
42:15 Wheelbarrow
44:20 Medium Warships
45:52 Wheelbarrow
47:39 Heavy Warships
48:11 Town Watch
49:03 Forging
52:04 Two-Man Saw
51:11 Heavy Plow
51:30 Scale Mail Armor
51:43 Squires
52:42 Hand Cart
52:39 Man-at-Arms
54:32 Bodkin Arrow
55:17 Bracer
55:19 Padded Archer Armor
56:58 Ballistics
57:38 Chemistry
57:21 Leather Archer Armor
57:13 Thumb Ring
60:21 Ring Archer Armor
59:19 Elite Rattan Archer
60:36 Siege Engineers
61:05 Coinage
60:45 Guilds
62:25 Chatras
66:10 Banking
65:42 Caravan
65:54 Clinker Construction
66:41 Careening
68:02 Paper Money
68:46 Elite Fire Lancer
73:35 Chain Mail Armor
73:55 Iron Casting
75:10 Plate Mail Armor
75:03 Carvel Hull
75:04 Dry Dock
74:36 Elite Cannon Galleon
注水猪肉
13:39 Feudal Age
12:09 Loom
14:14 Double-Bit Axe
17:11 Castle Age
16:06 Fletching
16:23 Fishing Lines
17:24 Town Watch
17:43 Gillnets
18:09 Medium Warships
20:43 Wheelbarrow
20:27 Bow Saw
21:32 Horse Collar
22:31 Hand Cart
22:18 Heavy Plow
26:22 Gold Mining
27:45 Stone Mining
29:50 Scale Barding Armor
29:55 Forging
32:30 Imperial Age
30:48 Husbandry
30:58 Bloodlines
32:04 Chain Barding Armor
33:44 Iron Casting
33:54 Plate Barding Armor
32:51 Cavalier
35:24 Conscription
35:31 Scale Mail Armor
36:14 Iron Casting
37:40 Paladin
37:51 Pikeman
39:36 Chain Mail Armor
38:55 Halberdier
39:35 Squires
43:58 Blast Furnace
43:43 Plate Mail Armor
49:30 Capped Ram
50:51 Padded Archer Armor
50:47 Bodkin Arrow
51:40 Caravan
51:49 Elite Skirmisher
52:35 Thumb Ring
52:53 Light Cavalry
53:01 Imperial Skirmisher
55:02 Leather Archer Armor
55:00 Bracer
56:19 Ballistics
57:10 Chemistry
57:35 Ring Archer Armor
59:04 Bombard Tower
58:54 Masonry
59:15 Supremacy
62:06 Hoardings
64:18 Sappers
67:46 Arson
68:45 Siege Ram
CNZS_DongHaiDi
9:36 Loom
11:39 Feudal Age
29:43 Castle Age
37:11 Sanctity
38:52 Devotion
50:38 Redemption
50:41 Fervor
60:17 Imperial Age
61:23 Block Printing
61:44 Theocracy
61:37 Illumination
61:23 Redemption
65:44 Wheelbarrow
64:56 Town Watch
72:15 Horse Collar
72:47 Squires
72:25 Pikeman
73:49 Scale Mail Armor
73:59 Forging
73:42 Halberdier
74:54 Chain Mail Armor
74:54 Heavy Plow
75:28 Hand Cart
76:15 Plate Mail Armor
Connection lost

Rejoining the realm…

Still unreachable

The connection could not be restored.

Session expired

The server has moved on; the page needs a fresh start.